TOP OF THE 1ST |
Chicago White Sox batting - Pitching for Cleveland Indians : RHP Brad Brach
|
Pitching: RHP Brad Brach
|
|
Batting: RHB Drew Jackson
|
0-0: Called Strike 0-1: Ball 1-1: Called Strike 1-2: Foul Ball, location: 2F 1-2: Ball 2-2: Strikes out swinging
|
Batting: LHB Zack Granite
|
0-0: Fly out, F7 (Flyball, 78M, EV 88.8 MPH)
|
Batting: RHB Justin Turner
|
0-0: Ball 1-0: Called Strike 1-1: Called Strike 1-2: Ball 2-2: Strikes out swinging, 2-3 out at first.
|
Top of the 1st over - 0 runs, 0 hits, 0 errors, 0 left on base; Chicago 0 - Cleveland 0 |
BOTTOM OF THE 1ST |
Cleveland Indians batting - Pitching for Chicago White Sox : RHP Nathan Eovaldi
|
Pitching: RHP Nathan Eovaldi
|
|
Batting: LHB Adam Frazier
|
0-0: Ball 1-0: Bunt for hit to 3S - play at first, batter OUT! 3-4
|
Batting: RHB J.D. Martinez
|
0-0: Ball 1-0: Ball 2-0: SINGLE (Groundball, 6MD, EV 104.4 MPH)
|
Batting: LHB Matt Carpenter
|
0-0: Ball 1-0: Ball 2-0: Ball 3-0: Base on Balls J.D. Martinez to second
|
Batting: SHB Marwin Gonzalez
|
0-0: Ball 1-0: Called Strike 1-1: Fly out, F7 (Flyball, 7D, EV 88.8 MPH) Runner from 2nd tags up, SAFE at 3rd, no throw by LF
|
Batting: RHB Matt Chapman
|
0-0: Ball 1-0: Ball 2-0: Ball 3-0: Called Strike 3-1: Base on Balls Matt Carpenter to second
|
Batting: RHB Steven Souza Jr.
|
0-0: Called Strike 0-1: Ball 1-1: Called Strike 1-2: Foul Ball, location: 2F 1-2: Foul Ball, location: 2F 1-2: Ball 2-2: Foul Ball, location: 2F 2-2: Ball 3-2: Foul Ball, location: 2F 3-2: Fly out, F7 (Line Drive, 78M, EV 90.0 MPH)
|
Bottom of the 1st over - 0 runs, 1 hit, 0 errors, 3 left on base; Chicago 0 - Cleveland 0 |
TOP OF THE 2ND |
Chicago White Sox batting - Pitching for Cleveland Indians : RHP Brad Brach
|
Batting: LHB Corey Seager
|
0-0: Called Strike 0-1: Ball 1-1: Swinging Strike 1-2: Ball 2-2: Strikes out swinging
|
Batting: LHB Brandon Belt
|
0-0: Ball 1-0: Swinging Strike 1-1: Ground out U3 (Groundball, 3, EV 91.9 MPH)
|
Batting: SHB Melky Cabrera
|
0-0: Called Strike 0-1: Swinging Strike 0-2: Foul Ball, location: 2F 0-2: Foul Ball, location: 2F 0-2: Ball 1-2: Fly out, F9 (Flyball, 9, EV 96.9 MPH)
|
Top of the 2nd over - 0 runs, 0 hits, 0 errors, 0 left on base; Chicago 0 - Cleveland 0 |
BOTTOM OF THE 2ND |
Cleveland Indians batting - Pitching for Chicago White Sox : RHP Nathan Eovaldi
|
Batting: RHB Marcus Semien
|
0-0: DOUBLE (Flyball, 78XD, EV 103.1 MPH)
|
Batting: RHB Tim Locastro
|
0-0: Ball 1-0: Called Strike 1-1: Called Strike 1-2: Ball 2-2: Fly out, F9 (Line Drive, 9, EV 105.0 MPH)
|
Batting: RHB Mitch Garver
|
0-0: Swinging Strike 0-1: Ball 1-1: Swinging Strike 1-2: Foul Ball, location: 2F 1-2: Ball 2-2: Foul Ball, location: 2F 2-2: Foul Ball, location: 2F 2-2: Strikes out swinging
|
Batting: LHB Adam Frazier
|
0-0: Ball 1-0: Called Strike 1-1: Ball 2-1: Foul Ball, location: 2F 2-2: Foul Ball, location: 2F 2-2: Fly out, F6 (Popup, 15S, EV 83.8 MPH)
|
Bottom of the 2nd over - 0 runs, 1 hit, 0 errors, 1 left on base; Chicago 0 - Cleveland 0 |
TOP OF THE 3RD |
Chicago White Sox batting - Pitching for Cleveland Indians : RHP Brad Brach
|
Pitching: LHP Andrew Heaney
|
|
Batting: LHB Andrew Toles
|
0-0: Foul Ball, location: 2F 0-1: Bunt for hit to 13 - play at first, batter OUT! 1-3
|
Batting: LHB Marco Hernandez
|
0-0: Foul Ball, location: 2F 0-1: Ball 1-1: DOUBLE (Line Drive, 3D, EV 96.3 MPH)
|
Batting: RHB Alex Murphy
|
0-0: Foul Ball, location: 2F 0-1: Ball 1-1: Ball 2-1: Called Strike 2-2: Foul Ball, location: 2F 2-2: Ground out 6-3 (Groundball, 6, EV 84.4 MPH)
|
Batting: RHB Drew Jackson
|
0-0: Called Strike 0-1: SINGLE (Flyball, 8RS, EV 95.6 MPH) Marco Hernandez to third
|
Batting: LHB Zack Granite
|
0-0: Called Strike 0-1: Swinging Strike 0-2: Ball 1-2: Ball 2-2: Ball 3-2: Strikes out swinging
|
Top of the 3rd over - 0 runs, 2 hits, 0 errors, 2 left on base; Chicago 0 - Cleveland 0 |
BOTTOM OF THE 3RD |
Cleveland Indians batting - Pitching for Chicago White Sox : RHP Nathan Eovaldi
|
Batting: RHB J.D. Martinez
|
0-0: Called Strike 0-1: Swinging Strike 0-2: Strikes out swinging
|
Batting: LHB Matt Carpenter
|
0-0: Called Strike 0-1: Called Strike 0-2: Ball 1-2: Foul Ball, location: 2F 1-2: Ground out 4-3 (Groundball, 4, EV 84.4 MPH)
|
Batting: SHB Marwin Gonzalez
|
0-0: Ball 1-0: Called Strike 1-1: Called Strike 1-2: DOUBLE (Line Drive, 3D, EV 99.4 MPH)
|
Batting: RHB Matt Chapman
|
0-0: Ball 1-0: Ball 2-0: Ball 3-0: Called Strike 3-1: Foul Ball, location: 2F 3-2: Ground out 5-3 (Groundball, 56S, EV 83.8 MPH)
|
Bottom of the 3rd over - 0 runs, 1 hit, 0 errors, 1 left on base; Chicago 0 - Cleveland 0 |
TOP OF THE 4TH |
Chicago White Sox batting - Pitching for Cleveland Indians : LHP Andrew Heaney
|
Batting: RHB Justin Turner
|
0-0: Called Strike 0-1: Ball 1-1: Ball 2-1: Swinging Strike 2-2: Hit by Pitch
|
Batting: LHB Corey Seager
|
0-0: Fly out, F9 (Flyball, 9D, EV 110.0 MPH)
|
Batting: LHB Brandon Belt
|
0-0: Ball 1-0: Swinging Strike 1-1: Ball 2-1: Foul Ball, location: 2F 2-2: Foul Ball, location: 2F 2-2: Ball 3-2: Base on Balls Justin Turner to second
|
Batting: SHB Melky Cabrera
|
0-0: Ball 1-0: Called Strike 1-1: SINGLE (Groundball, 34D, EV 95.6 MPH) Justin Turner to third Brandon Belt to second
|
Batting: LHB Andrew Toles
|
0-0: Foul Ball, location: 2F 0-1: Called Strike 0-2: Foul Ball, location: 2F 0-2: Ball 1-2: Strikes out looking
|
Batting: LHB Marco Hernandez
|
0-0: Ball 1-0: Foul Ball, location: 2F 1-1: Ball 2-1: SINGLE (Groundball, 4D, EV 103.8 MPH) Justin Turner scores Brandon Belt to third Melky Cabrera to second
|
Batting: RHB Alex Murphy
|
0-0: Ball 1-0: Swinging Strike 1-1: Ball 2-1: Ball 3-1: Ground out 3-1 (Groundball, 34, EV 101.9 MPH)
|
Top of the 4th over - 1 run, 2 hits, 0 errors, 3 left on base; Chicago 1 - Cleveland 0 |
BOTTOM OF THE 4TH |
Cleveland Indians batting - Pitching for Chicago White Sox : RHP Nathan Eovaldi
|
Batting: RHB Steven Souza Jr.
|
0-0: Ball 1-0: Ball 2-0: Foul Ball, location: 2F 2-1: Foul Ball, location: 2F 2-2: Ball 3-2: Ground out 5-3 (Groundball, 56S, EV 71.9 MPH)
|
Batting: RHB Marcus Semien
|
0-0: Foul Ball, location: 2F 0-1: Ball 1-1: Called Strike 1-2: Ball 2-2: Foul Ball, location: 2F 2-2: Fly out, F8 (Flyball, 78S, EV 97.5 MPH)
|
Batting: RHB Tim Locastro
|
0-0: Ball 1-0: SINGLE (Groundball, 56, EV 108.1 MPH) (infield hit)
|
Batting: RHB Mitch Garver
|
0-0: Ball 1-0: Fly out, F8 (Flyball, 8RS, EV 94.4 MPH)
|
Bottom of the 4th over - 0 runs, 1 hit, 0 errors, 1 left on base; Chicago 1 - Cleveland 0 |
TOP OF THE 5TH |
Chicago White Sox batting - Pitching for Cleveland Indians : LHP Andrew Heaney
|
Batting: RHB Drew Jackson
|
0-0: Called Strike 0-1: Foul Ball, location: 2F 0-2: Foul Ball, location: 2F 0-2: Ball 1-2: Fly out, F7 (Flyball, 78D, EV 100.0 MPH)
|
Batting: LHB Zack Granite
|
0-0: Ball 1-0: Ball 2-0: Called Strike 2-1: Ground out 4-3 (Groundball, 4, EV 103.8 MPH)
|
Batting: RHB Justin Turner
|
0-0: Called Strike 0-1: Ball 1-1: Swinging Strike 1-2: Ball 2-2: Foul Ball, location: 2F 2-2: SOLO HOME RUN (Flyball, 89XD, EV 103.8 MPH), Distance : 383 ft
|
Batting: LHB Corey Seager
|
0-0: Called Strike 0-1: Fly out, F7 (Flyball, 7, EV 82.5 MPH)
|
Top of the 5th over - 1 run, 1 hit, 0 errors, 0 left on base; Chicago 2 - Cleveland 0 |
BOTTOM OF THE 5TH |
Cleveland Indians batting - Pitching for Chicago White Sox : RHP Nathan Eovaldi
|
Batting: LHB Adam Frazier
|
0-0: Called Strike 0-1: Fly out, F7 (Flyball, 78S, EV 92.5 MPH)
|
Batting: RHB J.D. Martinez
|
0-0: Foul Ball, location: 2F 0-1: Ball 1-1: Ball 2-1: SOLO HOME RUN (Flyball, 7D, EV 95.6 MPH), Distance : 377 ft
|
Batting: LHB Matt Carpenter
|
0-0: Foul Ball, location: 2F 0-1: Ball 1-1: Foul Ball, location: 2F 1-2: Strikes out swinging
|
Batting: SHB Marwin Gonzalez
|
0-0: Called Strike 0-1: Fly out, F3 (Line Drive, 3, EV 63.1 MPH)
|
Bottom of the 5th over - 1 run, 1 hit, 0 errors, 0 left on base; Chicago 2 - Cleveland 1 |
TOP OF THE 6TH |
Chicago White Sox batting - Pitching for Cleveland Indians : LHP Andrew Heaney
|
Batting: LHB Brandon Belt
|
0-0: Called Strike 0-1: Called Strike 0-2: SINGLE (Line Drive, 8LM, EV 86.3 MPH)
|
Batting: SHB Melky Cabrera
|
0-0: Called Strike 0-1: Ball 1-1: Ground out 6-3 (Groundball, 6, EV 84.4 MPH) Brandon Belt to second
|
Batting: LHB Andrew Toles
|
0-0: Ground out 4-3 (Groundball, 4, EV 104.4 MPH) Brandon Belt to third
|
Batting: LHB Marco Hernandez
|
0-0: Called Strike 0-1: Ball 1-1: Ball 2-1: Ball 3-1: Ground out 6-3 (Groundball, 6, EV 83.1 MPH)
|
Top of the 6th over - 0 runs, 1 hit, 0 errors, 1 left on base; Chicago 2 - Cleveland 1 |
BOTTOM OF THE 6TH |
Cleveland Indians batting - Pitching for Chicago White Sox : RHP Nathan Eovaldi
|
Pitching: LHP Richard Lovelady
|
|
Batting: RHB Matt Chapman
|
0-0: Called Strike 0-1: Ball 1-1: Foul Ball, location: 2F 1-2: SINGLE (Groundball, 6MD, EV 99.4 MPH)
|
Batting: RHB Steven Souza Jr.
|
0-0: Fly out, F7 (Flyball, 7LM, EV 86.9 MPH)
|
Batting: RHB Marcus Semien
|
0-0: Called Strike 0-1: Ball 1-1: Foul Ball, location: 2F 1-2: Fly out, F7 (Flyball, 7D, EV 103.1 MPH)
|
Batting: RHB Tim Locastro
|
0-0: SINGLE (Line Drive, 8LS, EV 98.8 MPH) Matt Chapman to second
|
Batting: RHB Mitch Garver
|
0-0: Foul Ball, location: 2F 0-1: Ball 1-1: Ground out 1-3 (Groundball, 13S, EV 68.8 MPH)
|
Bottom of the 6th over - 0 runs, 2 hits, 0 errors, 2 left on base; Chicago 2 - Cleveland 1 |
TOP OF THE 7TH |
Chicago White Sox batting - Pitching for Cleveland Indians : LHP Andrew Heaney
|
Batting: RHB Alex Murphy
|
0-0: Ball 1-0: Ball 2-0: Called Strike 2-1: Fly out, F7 (Flyball, 7LSF, EV 81.9 MPH)
|
Batting: RHB Drew Jackson
|
0-0: Called Strike 0-1: Ball 1-1: Foul Ball, location: 2F 1-2: Ball 2-2: Foul Ball, location: 2F 2-2: Strikes out swinging
|
Batting: LHB Zack Granite
|
0-0: Ball 1-0: Swinging Strike 1-1: Ground out 6-3 (Groundball, 6S, EV 86.3 MPH)
|
Top of the 7th over - 0 runs, 0 hits, 0 errors, 0 left on base; Chicago 2 - Cleveland 1 |
BOTTOM OF THE 7TH |
Cleveland Indians batting - Pitching for Chicago White Sox : LHP Richard Lovelady
|
Pitching: LHP Jared Miller
|
|
Batting: LHB Adam Frazier
|
0-0: Called Strike 0-1: Foul Ball, location: 2F 0-2: Ball 1-2: Strikes out swinging
|
Batting: RHB J.D. Martinez
|
0-0: Ball 1-0: Called Strike 1-1: Called Strike 1-2: Ball 2-2: Ball 3-2: Base on Balls
|
Batting: LHB Matt Carpenter
|
0-0: Ball 1-0: Ball 2-0: Foul Ball, location: 2F 2-1: Foul Ball, location: 2F 2-2: Strikes out swinging
|
Batting: SHB Marwin Gonzalez
|
0-0: Ground out 6-3 (Groundball, 6, EV 88.8 MPH)
|
Bottom of the 7th over - 0 runs, 0 hits, 0 errors, 1 left on base; Chicago 2 - Cleveland 1 |
TOP OF THE 8TH |
Chicago White Sox batting - Pitching for Cleveland Indians : LHP Andrew Heaney
|
Pitching: RHP Hector Rondon
|
|
Batting: RHB Justin Turner
|
0-0: Foul Ball, location: 2F 0-1: Swinging Strike 0-2: Ball 1-2: Ball 2-2: DOUBLE (Line Drive, 7LD, EV 103.1 MPH)
|
Batting: LHB Corey Seager
|
0-0: Swinging Strike 0-1: Ball 1-1: Foul Ball, location: 2F 1-2: Ball 2-2: Foul Ball, location: 2F 2-2: Foul Ball, location: 2F 2-2: Ball 3-2: Foul Ball, location: 2F 3-2: Ground out 6-3 (Groundball, 6, EV 83.1 MPH)
|
Batting: LHB Brandon Belt
|
0-0: Ball 1-0: Called Strike Justin Turner is caught stealing 3rd base 2-5 1-1: Foul Ball, location: 2F 1-2: Strikes out looking
|
Top of the 8th over - 0 runs, 1 hit, 0 errors, 0 left on base; Chicago 2 - Cleveland 1 |
BOTTOM OF THE 8TH |
Cleveland Indians batting - Pitching for Chicago White Sox : LHP Jared Miller
|
Pitching: RHP Jacob Rhame
|
|
Batting: RHB Matt Chapman
|
0-0: Called Strike 0-1: SOLO HOME RUN (Flyball, 78XD, EV 100.6 MPH), Distance : 469 ft
|
Batting: RHB Steven Souza Jr.
|
0-0: Foul Ball, location: 2F 0-1: Ball 1-1: Fly out, F8 (Flyball, 8LD, EV 83.1 MPH)
|
Batting: RHB Marcus Semien
|
0-0: Fly out, F7 (Flyball, 78D, EV 86.9 MPH)
|
Batting: RHB Tim Locastro
|
0-0: Called Strike 0-1: Fly out, F8 (Line Drive, 8LD, EV 90.0 MPH)
|
Bottom of the 8th over - 1 run, 1 hit, 0 errors, 0 left on base; Chicago 2 - Cleveland 2 |
TOP OF THE 9TH |
Chicago White Sox batting - Pitching for Cleveland Indians : RHP Hector Rondon
|
Pitching: RHP Yoan Lopez
|
|
Batting: SHB Melky Cabrera
|
0-0: DOUBLE (Flyball, 89D, EV 102.5 MPH)
|
Batting: LHB Andrew Toles
|
0-0: SINGLE (Groundball, 25, EV 76.3 MPH) (infield hit) Melky Cabrera to third
|
Batting: LHB Marco Hernandez
|
0-0: Ball 1-0: Ball Andrew Toles steals 2nd base (no throw) 2-0: Intentional Walk
|
Pinch Hitting: LHB Michael Brantley
|
0-0: Ball 1-0: Called Strike 1-1: SINGLE (Line Drive, 9LM, EV 90.6 MPH) Melky Cabrera scores Andrew Toles to third Marco Hernandez to second
|
Batting: RHB Drew Jackson
|
0-0: Called Strike 0-1: Ball 1-1: Hit by Pitch Andrew Toles scores Marco Hernandez to third Michael Brantley to second
|
Batting: LHB Zack Granite
|
0-0: Fly out, F9 (Flyball, 9S, EV 81.3 MPH)
|
Batting: RHB Justin Turner
|
0-0: Called Strike 0-1: Ball 1-1: Grounds into fielders choice 4-2 (Groundball, 34, EV 107.5 MPH) Michael Brantley to third Drew Jackson to second
|
Batting: LHB Corey Seager
|
0-0: Called Strike 0-1: SINGLE (Line Drive, 6MD, EV 99.4 MPH) Michael Brantley scores Drew Jackson to third Justin Turner to second
|
Batting: LHB Brandon Belt
|
0-0: Swinging Strike 0-1: Ball 1-1: Ball 2-1: Ball 3-1: Base on Balls Drew Jackson scores Justin Turner to third Corey Seager to second
|
Pitching: RHP Liam Hendriks
|
|
Batting: SHB Melky Cabrera
|
0-0: Called Strike 0-1: SINGLE (Line Drive, 6MD, EV 110.0 MPH) Justin Turner scores Corey Seager to third Brandon Belt to second
|
Batting: LHB Andrew Toles
|
0-0: Called Strike 0-1: Fielders Choice at 2nd, 6-4 (Groundball, 6, EV 78.8 MPH)
|
Top of the 9th over - 5 runs, 5 hits, 0 errors, 3 left on base; Chicago 7 - Cleveland 2 |
BOTTOM OF THE 9TH |
Cleveland Indians batting - Pitching for Chicago White Sox : RHP Jacob Rhame
|
Now at C: Jose Trevino
|
|
Batting: RHB Mitch Garver
|
0-0: Ball 1-0: Foul Ball, location: 2F 1-1: Foul Ball, location: 2F 1-2: Foul Ball, location: 2F 1-2: Foul Ball, location: 2F 1-2: Ball 2-2: Strikes out swinging
|
Batting: LHB Adam Frazier
|
0-0: Ball 1-0: Called Strike 1-1: Ball 2-1: Foul Ball, location: 2F 2-2: Ball 3-2: Strikes out swinging
|
Batting: RHB J.D. Martinez
|
0-0: Ball 1-0: SINGLE (Line Drive, 6M, EV 100.0 MPH)
|
Batting: LHB Matt Carpenter
|
0-0: Ball 1-0: Called Strike 1-1: Ball 2-1: Reached on error, E4 (Groundball, 34, EV 78.8 MPH) J.D. Martinez to second
|
Batting: SHB Marwin Gonzalez
|
0-0: 3-RUN HOME RUN (Flyball, 9D, EV 103.8 MPH), Distance : 360 ft
|
Pitching: RHP Trevor Gott
|
|
Batting: RHB Matt Chapman
|
0-0: Ball 1-0: Ball 2-0: Called Strike 2-1: Ground out 6-3 (Groundball, 6, EV 83.1 MPH)
|
Bottom of the 9th over - 3 runs, 2 hits, 1 error, 0 left on base; Chicago 7 - Cleveland 5 |
|